 Dungeon Crawl Stone Soup version 0.29-a0-575-g0dc89cf053 (webtiles) character file.

Game seed: 4577720089544533626

119 DocClef the Covert (level 5, 0/47 HPs)
             Began as a Gnoll Delver on June 12, 2022.
             Succumbed to a scorpion's poison
             ... on level 5 of the Dungeon.
             The game lasted 00:00:22 (187 turns).

DocClef the Covert (Gnoll Delver)                    Turns: 187, Time: 00:00:23

Health: 0/47       AC:  3    Str: 11    XL:     5   Next: 3%
Magic:  6/6        EV: 13    Int:  9    God:
Gold:   9          SH:  0    Dex: 16    Spells: 6/6 levels left

rFire   . . .      SeeInvis .   a - +0 short sword
rCold   . . .      Faith    .   (no shield)
rNeg    . . .      Spirit   .   b - +0 leather armour
rPois   .          Reflect  .   (no helmet)
rElec   .          Harm     .   (no cloak)
rCorr   .          Rampage  .   (no gloves)
Will    .....                   (no boots)
Stlth   ++++......              (no amulet)
HPRegen 0.15/turn               (no ring)
MPRegen 0.10/turn               (no ring)

@: lethally poisoned (0 -> -6)
A: fangs 1, strong nose, distributed training
a: no special abilities


You were on level 5 of the Dungeon.
You visited 1 branch of the dungeon, and saw 1 of its levels.

You collected 9 gold pieces.

Inventory:

Hand Weapons
 a - a +0 short sword (weapon)
Armour
 b - a +0 leather armour (worn)
Wands
 g - a wand of digging (3)
Scrolls
 c - a scroll of fog
 d - a scroll of magic mapping
 e - a scroll of fear
Potions
 f - a potion of haste
 h - a potion of degeneration {unknown}
 i - a potion of heal wounds {unknown}


   Skills:
 + Level 6.6 Fighting
 + Level 4.7 Short Blades
 + Level 1.3 Long Blades
 + Level 1.3 Axes
 + Level 1.3 Maces & Flails
 + Level 1.3 Polearms
 + Level 1.3 Staves
 + Level 1.3 Slings
 + Level 1.3 Bows
 + Level 1.3 Crossbows
 + Level 1.3 Throwing
 + Level 1.3 Armour
 + Level 4.7 Dodging
 + Level 9.6 Stealth
 + Level 1.3 Shields
 + Level 1.3 Unarmed Combat
 + Level 1.3 Spellcasting
 + Level 1.0 Conjurations
 + Level 1.0 Hexes
 + Level 1.0 Summonings
 + Level 1.0 Necromancy
 + Level 1.0 Translocations
 + Level 1.0 Transmutations
 + Level 1.0 Fire Magic
 + Level 1.0 Ice Magic
 + Level 1.0 Air Magic
 + Level 1.0 Earth Magic
 + Level 1.0 Poison Magic
 + Level 1.4 Invocations
 + Level 1.3 Evocations


You had 6 spell levels left.
You didn't know any spells.
Your spell library was empty.

Dungeon Overview and Level Annotations

Branches:
Dungeon (5/15)
 Temple: D:4-7

Altars:


Innate Abilities, Weirdness & Mutations

You have very sharp teeth.
Your uncanny sense of smell can sniff out nearby items.
Your experience applies equally to all skills.


Message History

You feel very sick. The scorpion stings you.
You hit the scorpion but do no damage.
The scorpion is lightly wounded.
You feel sick. The scorpion stings you.
You barely miss the scorpion.
The scorpion is lightly wounded.
You feel sick. The scorpion closely misses you.
Unknown command.
You hit the scorpion but do no damage.
The scorpion is lightly wounded.
You feel sick. The scorpion stings you.
* * * LOW HITPOINT WARNING * * *
You are lethally poisoned!
The scorpion poisons you!
You hit the scorpion but do no damage.
The scorpion is lightly wounded.
* * * LOW HITPOINT WARNING * * *
You feel very sick. The scorpion completely misses you.
The scorpion stings you but does no damage.
Unknown command.
You hit the scorpion.
The scorpion is moderately wounded.
* * * LOW HITPOINT WARNING * * *
You feel sick. The scorpion stings you.
* * * LOW HITPOINT WARNING * * *
Unknown command.
You barely miss the scorpion.
The scorpion is moderately wounded.
* * * LOW HITPOINT WARNING * * *
You feel sick. The scorpion misses you.
You hit the scorpion.
The scorpion is heavily wounded.
* * * LOW HITPOINT WARNING * * *
You feel sick. The scorpion completely misses you.
Unknown command.
You barely miss the scorpion.
The scorpion is heavily wounded.
You die...

#............>.....)
#......##..# ##..#
#......†...###...
#....#....)..#.######
#......###.#........#
#......##..†...####..
####...##......#
#....#.##......##
...####.@s5.........
#.# #.####........# #
#.# #........# #.#
#........# ###.##
#......... #....#
#........# #....#
#........ #.).>#
#....#


You could see a scorpion and a white imp.

Vanquished Creatures
  An ogre (D:5)
  An iguana (D:5)
  An adder (D:5)
3 creatures vanquished.

Notes
Turn   | Place    | Note
-------+----------+-------------------------------------------
     0 | D:5      | Reached skill level 9 in Stealth
     0 | D:5      | DocClef the Gnoll Delver began the quest for the Orb.
     0 | D:5      | Reached XP level 1. HP: 23/23 MP: 1/1
    15 | D:5      | Noticed an iguana
    15 | D:5      | Noticed an ogre
    19 | D:5      | Killed an ogre
    20 | D:5      | Reached skill level 1 in Long Blades
    20 | D:5      | Reached skill level 1 in Axes
    20 | D:5      | Reached skill level 1 in Maces & Flails
    20 | D:5      | Reached skill level 1 in Polearms
    20 | D:5      | Reached skill level 1 in Staves
    20 | D:5      | Reached skill level 1 in Slings
    20 | D:5      | Reached skill level 1 in Bows
    20 | D:5      | Reached skill level 1 in Crossbows
    20 | D:5      | Reached skill level 1 in Throwing
    20 | D:5      | Reached skill level 1 in Armour
    20 | D:5      | Reached skill level 1 in Shields
    20 | D:5      | Reached skill level 1 in Unarmed Combat
    20 | D:5      | Reached skill level 1 in Spellcasting
    20 | D:5      | Reached skill level 1 in Invocations
    20 | D:5      | Reached skill level 1 in Evocations
    20 | D:5      | Reached XP level 2. HP: 29/29 MP: 1/3
    20 | D:5      | Reached XP level 3. HP: 35/35 MP: 1/4
    20 | D:5      | Reached XP level 4. HP: 41/41 MP: 1/5
    21 | D:5      | Noticed a scorpion
    30 | D:5      | Reached skill level 1 in Conjurations
    30 | D:5      | Reached skill level 1 in Hexes
    30 | D:5      | Reached skill level 1 in Summonings
    30 | D:5      | Reached skill level 1 in Necromancy
    30 | D:5      | Reached skill level 1 in Translocations
    30 | D:5      | Reached skill level 1 in Transmutations
    30 | D:5      | Reached skill level 1 in Fire Magic
    30 | D:5      | Reached skill level 1 in Ice Magic
    30 | D:5      | Reached skill level 1 in Air Magic
    30 | D:5      | Reached skill level 1 in Earth Magic
    30 | D:5      | Reached skill level 1 in Poison Magic
    43 | D:5      | Reached XP level 5. HP: 30/47 MP: 2/6
   186 | D:5      | HP: 2/47 [poisoned by a scorpion]
   187 | D:5      | Succumbed to a scorpion's poison

Illustrated notes

Levels and vault maps discovered:
D:5:      lemuel_insect_pit, layout_rooms, minmay_temple_entry_grid,
          amcnicky_mini_pool_small

Skill      XL: |  1  2  3  4 |
---------------+-------------+-----
Stealth        | |  9.6
Long Blades    | 1 |  1.3
Axes           | 1 |  1.3
Maces & Flails | 1 |  1.3
Polearms       | 1 |  1.3
Staves         | 1 |  1.3
Slings         | 1 |  1.3
Bows           | 1 |  1.3
Crossbows      | 1 |  1.3
Throwing       | 1 |  1.3
Armour         | 1 |  1.3
Shields        | 1 |  1.3
Unarmed Combat | 1 |  1.3
Spellcasting   | 1 |  1.3
Invocations    | 1 |  1.4
Evocations     | 1 |  1.3
Conjurations   | 1 |  1.0
Hexes          | 1 |  1.0
Summonings     | 1 |  1.0
Necromancy     | 1 |  1.0
Translocations | 1 |  1.0
Transmutations | 1 |  1.0
Fire Magic     | 1 |  1.0
Ice Magic      | 1 |  1.0
Air Magic      | 1 |  1.0
Earth Magic    | 1 |  1.0
Poison Magic   | 1 |  1.0
Fighting       | |  6.6
Short Blades   | |  4.7
Dodging        | |  4.7

Action                   |  1- 3 |  4- 6 || total
-------------------------+-------+-------++-------
Melee: Short sword       |     1 |    35 ||    36
       Bite              |       |     3 ||     3
 Stab: Sleeping          |     1 |       ||     1
Armor: Leather armour    |       |     5 ||     5
Dodge: Dodged            |       |    21 ||    21

Table legend: (Time is in decaauts)
 A = Elapsed time spent in this place.
 B = Non-inter-level travel time spent in this place.
 C = Inter-level travel time spent in this place.
 D = Time resting spent in this place.
 E = Time spent auto-exploring this place.
 F = Levels seen in this place.
 G = Mean time per level.
                   A        B        C        D        E       F      G
               +--------+--------+--------+--------+--------+-----+--------+
         Total |    182 |    182 |      0 |    115 |     13 |   1 |  182.0 |
       Dungeon |    182 |    182 |      0 |    115 |     13 |   1 |  182.0 |
               +--------+--------+--------+--------+--------+-----+--------+

Top non-repeatable levels by time:
     D:5: 182 daAuts
